 Dungeon Crawl Stone Soup version 0.25.1-1-g288607f5aa (webtiles) character file.

Game seed: 15292412923639383918

22901 Ijustatesigmund the Cleaver (level 13, -2/98 HPs)
             Began as an Octopode Gladiator on July 21, 2020.
             Was a Believer of Cheibriados.
             Slain by a vault guard
             ... wielding a +3 glaive
              (19 damage)
             ... on level 14 of the Dungeon.
             The game lasted 00:26:35 (13271 turns).

Ijustatesigmund the Cleaver (Octopode Gladiator)   Turns: 13271, Time: 00:26:37

Health: -2/98      AC:  3    Str: 28    XL:     13   Next: 3%
Magic:  17/17      EV: 27    Int: 21    God:    Cheibriados [**....]
Gold:   770        SH:  8    Dex: 20    Spells: 12/12 levels left

rFire    . . .     SeeInvis +   a - +3 war axe (venom)
rCold    . . .     Gourm    .   k - +2 buckler {reflect}
rNeg     . . .     Faith    .   b - +2 hat
rPois    .         Spirit   .   K - amulet of regeneration
rElec    .         Reflect  +   j - +6 ring of strength
rCorr    +         Harm     .   q - ring of flight
MR       .....                  s - +4 ring of evasion
Stlth    ++++......             x - +6 ring of intelligence
HPRegen  0.66/turn              y - ring of see invisible
MPRegen  0.15/turn              f - ring of resist corrosion
                                B - ring of Doastay {EV+4 Str+3}
                                (no ring)

@: lightly drained, very slow
A: almost no armour, stealthy swim, amphibious, 8 rings, constrict 8, camouflage
1, gelatinous body 1
a: Bend Time, Renounce Religion, Evoke Flight


You were on level 14 of the Dungeon.
You worshipped Cheibriados.
Cheibriados was pleased with you.
You were not hungry.

You visited 2 branches of the dungeon, and saw 15 of its levels.

You collected 770 gold pieces.

Inventory:

Hand Weapons
 a - a +3 war axe of venom (weapon)
Missiles
 c - 2 throwing nets (quivered)
 o - 6 javelins
Armour
 b - a +2 hat (worn)
 g - a +0 kite shield
 k - a +2 buckler of reflection (worn)
Jewellery
 f - a ring of resist corrosion (on tentacle)
 j - a +6 ring of strength (left tentacle)
 q - a ring of flight (right tentacle)
 s - a +4 ring of evasion (on tentacle)
 x - a +6 ring of intelligence (on tentacle)
 y - a ring of see invisible (on tentacle)
 B - the ring of Doastay (on tentacle) {EV+4 Str+3}
   (You found it on level 6 of the Dungeon)

   [ring of evasion]

   It affects your evasion (+4).
   It affects your strength (+3).
 K - an amulet of regeneration (around mantle)
Wands
 n - a wand of flame (18)
 r - a wand of clouds (5)
 v - a wand of paralysis (5)
 w - a wand of digging (5)
 D - a wand of iceblast (6)
 L - a wand of polymorph (5)
Scrolls
 i - 7 scrolls of amnesia
 z - 4 scrolls of remove curse
 C - a scroll of enchant armour
 G - 2 scrolls of fog
 J - a scroll of blinking
Potions
 e - 4 potions of curing
 h - 2 potions of brilliance
 l - a potion of ambrosia
 m - 3 potions of lignification
 t - 2 potions of resistance
 u - 4 potions of flight
 A - 3 potions of cancellation {unknown}
 F - a potion of berserk rage {unknown}
 H - 2 potions of stabbing {unknown}
 M - a potion of mutation {unknown}
Comestibles
 d - 9 rations
 p - 3 chunks of flesh


   Skills:
 + Level 12.4(12.2) Fighting
 + Level 12.6(12.4) Axes
 - Level 4.0(3.8) Throwing
 - Level 7.4(7.2) Dodging
 - Level 4.7(4.5) Stealth
 - Level 6.6(6.4) Shields
 + Level 6.6(6.4) Invocations


You had 12 spell levels left.
You didn't know any spells.
Your spell library contained the following spells:

 Spells                   Type           Power        Failure   Level  Hunger
 Foxfire                  Conj/Fire      #...         19%         1    ##.....
 Conjure Flame            Conj/Fire      #.......     47%         3    ####...
 Inner Flame              Hex/Fire       #.......     47%         3    ####...
 Sticky Flame             Conj/Fire      #.......     87%         4    #####..
 Fireball                 Conj/Fire      #.........   99%         5    ######.


Dungeon Overview and Level Annotations

Branches:
Dungeon (14/15)            Temple (1/1) D:7            Lair (0/6) D:9
    Orc (0/2) D:11
 Vaults: D:13-14

Altars:
Ashenzari
Cheibriados
Dithmenos
Elyvilon
Fedhas
Gozag
Hepliaklqana
Kikubaaqudgha
Makhleb
Nemelex Xobeh
Okawaru
Qazlal
Ru
Sif Muna
Trog
Uskayaw
Vehumet
Wu Jian
Xom
Yredelemnul
Zin
The Shining One

Shops:
D:13 }


Innate Abilities, Weirdness & Mutations

You cannot wear most types of armour.
You are very stealthy in the water. (Stealth+)
You are amphibious.
You can wear up to eight rings at the same time.
You can use your tentacles to constrict eight enemies at once.
Your skin changes colour to match your surroundings (Stealth+).
Your rubbery body absorbs attacks. (AC +1, EV +1)


Message History

The vault guard shouts!
The unseen horror completely misses you.
The unseen horror completely misses you.
The unseen horror misses you. The vault guard completely misses you.
The vault guard hits you from afar with a +3 glaive!
* * * LOW HITPOINT WARNING * * *
The unseen horror completely misses you.
The vault guard hits you with a +3 glaive!
* * * LOW HITPOINT WARNING * * *
You hit the vault guard but do no damage.
The vault guard is poisoned.
You grab the vault guard. You slash the unseen horror!
You constrict the vault guard. The unseen horror barely misses you.
You slash the vault guard!
The vault guard looks as sick as possible!
The vault guard is lightly wounded.
You constrict the vault guard, but do no damage.
The unseen horror completely misses you.
The vault guard hits you with a +3 glaive!!
You die...

*,* #........=.,,,,*
*,* #..............#
**,** #..............#
**,,,###..............#
,,,∩,,................#
**ppp**#..............#
*#.#* #..............#
#.# #.......p......#
#.# #.......x@.....#
#.# #..............#
###.####..............#
..p...................#
......................#
##....................#
#....................#
##....................#
......................#


You could see a vault guard (extremely poisoned) and an unseen horror
(invisible).

Vanquished Creatures
  A catoblepas (D:13)
  3 vault guards (D:14)
  5 two-headed ogres
  An unseen horror (D:11)
  A wizard (D:14)
  A wolf spider zombie (D:12)
  A cyclops (D:14)
  A deep elf mage (D:13)
  2 ugly things
  2 manticores
  3 centaur zombies
  Maurice (D:8)
  2 gargoyles
  2 kobold demonologists
  A troll (D:13)
  A hornet (D:10)
  A hippogriff (D:9)
  A wraith (D:10)
  A spriggan (D:13)
  A shadow (D:13)
  5 yaks
  4 hungry ghosts
  2 steam dragons
  Menkaure (D:5)
  Edmund (D:4)
  2 two-headed ogre zombies (D:11)
  A soldier ant (D:9)
  3 porcupines (D:9)
  3 black bears
  2 orc warriors
  4 ice beasts
  A phantom (D:12)
  7 ogres
  A necrophage (D:8)
  A crocodile (D:10)
  20 big kobolds
  Blork the orc (D:5)
  12 bullfrogs
  A gnoll sergeant (D:9)
  4 scorpions
  9 killer bees
  7 wights
  3 howler monkeys
  5 electric eels (D:11)
  5 crimson imps
  A bullfrog zombie (D:10)
  2 bullfrog skeletons
  10 hounds
  3 jellies
  6 orc priests
  9 orc wizards
  2 quasits (D:11)
  3 centaur skeletons
  2 iguanas
  Ijyb (D:4)
  8 worker ants
  A killer bee zombie (D:7)
  6 ogre zombies (D:11)
  A hound zombie (D:8)
  A howler monkey zombie (D:11)
  4 gnolls (D:4)
  14 adders
  4 shadow imps
  An ooze (D:2)
  2 adder zombies
  6 worms
  3 dart slugs
  3 leopard geckos
  29 orcs
  5 giant cockroaches
  5 goblins
  7 hobgoblins
  3 jackals (D:3)
  4 quokkas
  4 bats
  2 frilled lizards (D:1)
  A giant cockroach zombie (D:6)
  4 goblin zombies (D:11)
  3 hobgoblin skeletons (D:11)
  3 hobgoblin zombies (D:11)
  28 kobolds
  5 orc skeletons (D:11)
  10 orc zombies (D:11)
  A quokka skeleton (D:7)
  6 rats
  5 fungi (D:9)
  A plant (D:9)
356 creatures vanquished.

Vanquished Creatures (collateral kills)
  A bullfrog skeleton (D:10)
1 creature vanquished.

Vanquished Creatures (others)
  2 kobolds (D:7)
  21 fungi (D:9)
  7 plants
30 creatures vanquished.

Grand Total: 387 creatures vanquished

Notes
Turn   | Place    | Note
-------+----------+-------------------------------------------
     0 | D:1      | Ijustatesigmund the Octopode Gladiator began the quest for
                  | the Orb.
     0 | D:1      | Reached XP level 1. HP: 14/14 MP: 1/1
    74 | D:1      | Reached XP level 2. HP: 20/20 MP: 2/2
   227 | D:1      | You fall into a shaft and drop 1 floor!
   390 | D:1      | Reached XP level 3. HP: 25/25 MP: 3/3
  1049 | D:2      | Reached skill level 1 in Shields
  1049 | D:2      | Reached XP level 4. HP: 26/31 MP: 4/4
  1233 | D:2      | You fall into a shaft and drop 2 floors!
  1234 | D:4      | Noticed Ijyb
  1303 | D:3      | Found an opulent altar of Gozag.
  1335 | D:3      | Noticed an ogre
  1355 | D:3      | Killed an ogre
  1355 | D:3      | Reached XP level 5. HP: 33/37 MP: 5/5
  2543 | D:3      | Reached XP level 6. HP: 39/43 MP: 6/6
  2662 | D:4      | Killed Ijyb
  2682 | D:4      | Reached skill level 5 in Axes
  2803 | D:4      | Noticed Edmund
  2815 | D:4      | Killed Edmund
  2815 | D:4      | Reached XP level 7. HP: 35/49 MP: 7/7
  3126 | D:4      | Reached skill level 5 in Fighting
  3325 | D:5      | Entered Level 5 of the Dungeon
  3375 | D:5      | Noticed Menkaure
  3386 | D:5      | Killed Menkaure
  3776 | D:5      | Noticed Blork the orc
  3783 | D:5      | Killed Blork the orc
  3879 | D:5      | Found an ancient bone altar of Kikubaaqudgha.
  4198 | D:6      | Reached XP level 8. HP: 43/56 MP: 8/8
  4943 | D:6      | Got a slimy turquoise ring
  4944 | D:6      | Identified the ring of Doastay {EV+4 Str+3} (You found it
                  | on level 6 of the Dungeon)
  5685 | D:7      | Found a staircase to the Ecumenical Temple.
  5697 | D:7      | Reached XP level 9. HP: 40/63 MP: 9/9
  5710 | D:7      | Reached skill level 5 in Dodging
  6313 | Temple   | Entered the Ecumenical Temple
  6588 | D:8      | Noticed Maurice
  6597 | D:8      | Killed Maurice
  7169 | D:8      | Reached XP level 10. HP: 63/71 MP: 10/10
  7816 | D:9      | Found a burning altar of Makhleb.
  7816 | D:9      | Noticed a cacodemon
  7819 | D:9      | Noticed a smoke demon
  7852 | D:9      | Noticed a two-headed ogre
  7865 | D:9      | Killed a two-headed ogre
  7952 | D:9      | Reached skill level 1 in Stealth
  8002 | D:9      | Found a staircase to the Lair.
  9075 | D:10     | Entered Level 10 of the Dungeon
  9139 | D:10     | Reached skill level 10 in Axes
  9175 | D:10     | Reached XP level 11. HP: 81/81 MP: 11/11
  9356 | D:10     | Reached skill level 10 in Fighting
  9771 | D:11     | Noticed a two-headed ogre
  9784 | D:11     | Paralysed by a hornet for 2 turns
  9906 | D:10     | Killed a two-headed ogre
  9906 | D:10     | Reached skill level 5 in Shields
  9989 | D:11     | Got an ancient flail
  9990 | D:11     | Identified the +8 flail "Conservator" {pain, Fragile +Inv
                  | rC+ Str+2} (You found it on level 11 of the Dungeon)
 10045 | D:11     | Noticed an unseen horror
 10052 | D:11     | Killed an unseen horror
 10062 | D:11     | Noticed a manticore
 10075 | D:11     | Killed a manticore
 10323 | D:11     | Found a staircase to the Orcish Mines.
 10663 | D:11     | Noticed a white ugly thing
 10672 | D:11     | Killed a white ugly thing
 10869 | Temple   | Became a worshipper of Cheibriados the Contemplative
 11619 | D:12     | Reached skill level 1 in Invocations
 11619 | D:12     | Reached XP level 12. HP: 77/90 MP: 12/12
 12346 | D:13     | Noticed a catoblepas
 12357 | D:13     | Killed a catoblepas
 12357 | D:13     | Reached * piety under Cheibriados
 12520 | D:13     | Noticed a two-headed ogre
 12529 | D:13     | Killed a two-headed ogre
 12634 | D:13     | Noticed a two-headed ogre
 12645 | D:13     | Killed a two-headed ogre
 12816 | D:13     | Noticed a two-headed ogre
 12826 | D:13     | Killed a two-headed ogre
 12826 | D:13     | Reached skill level 5 in Invocations
 13028 | D:13     | Found Wyduplet's Gadget Emporium.
 13216 | D:14     | Noticed a vault guard
 13216 | D:14     | Noticed a vault guard
 13216 | D:14     | Noticed a vault guard
 13216 | D:14     | Noticed a vault guard
 13226 | D:14     | Noticed a vault guard
 13230 | D:14     | Killed a vault guard
 13230 | D:14     | Reached ** piety under Cheibriados
 13235 | D:14     | Noticed a vault guard
 13238 | D:14     | Noticed a vault guard
 13245 | D:14     | Killed a vault guard
 13264 | D:14     | Killed a vault guard
 13264 | D:14     | Reached XP level 13. HP: 32/98 MP: 17/17
 13271 | D:14     | Slain by a vault guard

Illustrated notes

Levels and vault maps discovered:
D:1:      mainiacjoe_arrival_reflecting_pool, layout_loops_ring
D:2:      minmay_chambers_of_ones, layout_rooms, minmay_misc_feat_square,
          uniq_sigmund, uniq_robin
D:3:      layout_basic, serial_rivers, chequers_serial_rivers_marsh,
          chequers_serial_rivers_small_3, chequers_serial_rivers_micro_a,
          chequers_serial_rivers_micro_c, chequers_serial_rivers_micro_a,
          chequers_serial_rivers_small_3, grunt_gozag_statues
D:4:      layout_rooms, first_ration, uniq_ijyb, uniq_edmund
D:5:      layout_loops_ring, lemuel_crystal_altar, uniq_blork_the_orc,
          uniq_menkaure
D:6:      layout_rooms
D:7:      layout_loops_cross, minmay_temple_entry_gardened_gates
D:8:      layout_basic, uniq_maurice
D:9:      minmay_chambers_of_sixes, layout_basic, due_lair_maze_entry_diamond,
          makhleb_altar_promises_db
D:10:     layout_roguey [special_room_kobold]
D:11:     layout_basic, zombieorc2_lemuel
D:12:     layout_irregular_city
D:13:     layout_roguey, serial_shops, kennysheep_little_box, grunt_pizzeria
D:14:     layout_big_octagon, erik_vaults_2, ebering_ghost_disaster_area,
          gauntlet_entry_generic
Temple:   nicolae_temple_the_god_donut

Skill      XL: |  1  2  3  4  5  6  7  8  9 10 11 12 |
---------------+-------------------------------------+-----
Fighting       | 3 4 5 6 8 9 11 12 | 12.4
Shields        | 1 2 3 4 6 |  6.6
Axes           | 4 5 6 7 8 10 11 12 | 12.6
Dodging        | 4 6 7 |  7.4
Stealth        | 4 |  4.7
Throwing       | 4 |  4.0
Invocations    | 1 6 |  6.6

Action                   |  1- 3 |  4- 6 |  7- 9 | 10-12 | 13-15 || total
-------------------------+-------+-------+-------+-------+-------++-------
Melee: War axe           |    65 |    69 |   177 |   475 |     2 ||   788
       Constrict         |    17 |    19 |    46 |    79 |     1 ||   162
       Tentacles         |     9 |    21 |    46 |   152 |       ||   228
Throw: Throwing net      |       |     1 |     2 |       |       ||     3
Evoke: Wand              |       |       |       |     1 |       ||     1
  Use: Scroll            |     6 |     4 |    10 |    12 |       ||    32
       Potion            |     1 |       |     4 |     8 |       ||    13
 Stab: Sleeping          |    12 |     4 |    12 |    21 |       ||    49
       Distracted        |       |       |     1 |     2 |       ||     3
       Invisible         |       |       |       |     3 |       ||     3
       Petrified         |       |       |       |     3 |       ||     3
  Eat: Chunk             |       |     3 |     7 |     9 |       ||    19
       Ration            |       |     1 |     2 |     3 |       ||     6
Armor: Skin              |     8 |     4 |     1 |    23 |       ||    36
Dodge: Dodged            |    40 |    28 |   121 |   346 |     7 ||   542
Block: Kite shield       |    12 |     1 |       |       |       ||    13
       Buckler           |       |    14 |    51 |   139 |       ||   204
       Reflection        |       |       |       |     7 |       ||     7
